 Dungeon Crawl Stone Soup version 0.27.0-1-g7a089689b8 (webtiles) character file.

Game seed: 2690387293027633846

134 rjrrt the Chopper (level 4, -2/39 HPs)
             Began as a Minotaur Monk on Aug 12, 2021.
             Slain by a black bear (7 damage)
             ... on level 3 of the Dungeon.
             The game lasted 00:04:18 (2958 turns).

rjrrt the Chopper (Minotaur Monk)                   Turns: 2958, Time: 00:04:18

Health: -2/39      AC:  9    Str: 16    XL:     4   Next: 95%
Magic:  3/3        EV:  7    Int:  7    God:
Gold:   121        SH:  0    Dex: 13    Spells: 3/3 levels left

rFire    . . .     SeeInvis .   a - +0 hand axe
rCold    . . .     Faith    .   (no shield)
rNeg     . . .     Spirit   .   e - +0 chain mail
rPois    .         Reflect  .   (helmet restricted)
rElec    .         Harm     .   (no cloak)
rCorr    .         Rampage  .   b - +0 pair of gloves
Will     .....                  (no boots)
Stlth    ..........             (no amulet)
HPRegen  0.13/turn              (no ring)
MPRegen  0.08/turn              (no ring)

@: no status effects
A: horns 2, retaliatory headbutt
a: no special abilities


You were on level 3 of the Dungeon.
You visited 1 branch of the dungeon, and saw 5 of its levels.

You collected 121 gold pieces.

Inventory:

Hand Weapons
 a - a +0 hand axe (weapon)
 d - a +0 morningstar
Missiles
 i - 6 datura-tipped darts (quivered)
Armour
 b - a +0 pair of gloves (worn)
 e - a +0 chain mail (worn)
Potions
 c - a potion of mutation {unknown}
 f - a potion of might {unknown}
 g - a potion of curing {unknown}
 j - 3 potions of heal wounds {unknown}


   Skills:
 - Level 3.6 Fighting
 + Level 6.9 Axes
 - Level 3.2 Dodging
 - Level 1.5 Stealth


You had 3 spell levels left.
You didn't know any spells.
Your spell library was empty.

Dungeon Overview and Level Annotations

Branches:
Dungeon (5/15)
 Temple: D:4-7

Altars:
Dithmenos
Qazlal
Uskayaw

Annotations:
D:3 1 runed translucent door, 1 exclusion


Innate Abilities, Weirdness & Mutations

You have a pair of horns on your head.
You reflexively headbutt those who attack you in melee.


Message History

You slash the black bear! You headbutt the black bear.
The black bear is heavily wounded.
The black bear bites you but does no damage.
The black bear claws you but does no damage. x2
Unknown command.
You hit the black bear but do no damage.
The black bear is heavily wounded.
The black bear bites you but does no damage.
The black bear claws you but does no damage.
The black bear closely misses you.
Unknown command.
You hit the black bear. You headbutt the black bear.
The black bear is severely wounded.
The black bear goes berserk!
Unknown command.
You closely miss the black bear.
The black bear is severely wounded.
The black bear bites you.
The black bear claws you but does no damage.
The black bear closely misses you.
Unknown command.
You slash the black bear!
The black bear is almost dead.
The black bear barely misses you.
The black bear claws you but does no damage.
The black bear barely misses you. The black bear closely misses you.
The black bear claws you.
* * * LOW HITPOINT WARNING * * *
The black bear completely misses you.
You hit the black bear.
The black bear is almost dead.
The black bear bites you.
* * * LOW HITPOINT WARNING * * *
The black bear closely misses you. The black bear claws you.
* * * LOW HITPOINT WARNING * * *
Unknown command.
You hit the black bear. Your headbutt misses the black bear.
The black bear is almost dead.
The black bear bites you!
You die...

#....###.........#####........
##########.#..................
#........................
#........................
#.........#..............
#.........|.......#......
#.................#......
#......h..........#......
#.......@...#.....#......
#...........#.....#......
#######......#.....#......
#............#...>.#......
#............#######......
#............#### #....#.
#...............####......
###.......................
#.......................


You could see a black bear (berserk).

Vanquished Creatures
  6 adders
  3 worms
  An orc (D:4)
  4 ball pythons
  5 bats
  6 endoplasms
  6 giant cockroaches
  7 goblins
  4 hobgoblins
  7 jackals
  4 quokkas
  4 frilled lizards
  6 kobolds
  A rat (D:2)
64 creatures vanquished.

Notes
Turn   | Place    | Note
-------+----------+-------------------------------------------
     0 | D:1      | rjrrt the Minotaur Monk began the quest for the Orb.
     0 | D:1      | Reached XP level 1. HP: 19/19 MP: 0/0
     6 | D:1      | Noticed a polar bear
     7 | D:1      | Noticed a salamander
     7 | D:1      | Noticed a rime drake
    32 | D:1      | Reached skill level 4 in Axes
   232 | D:1      | Reached XP level 2. HP: 26/26 MP: 1/1
   783 | D:1      | Found a faded altar of an unknown god.
  1006 | D:1      | Reached skill level 5 in Axes
  1150 | D:2      | Reached XP level 3. HP: 27/27 MP: 2/2
  1334 | D:2      | Found a hide-covered altar of Uskayaw.
  2079 | D:3      | Reached skill level 6 in Axes
  2079 | D:3      | Reached XP level 4. HP: 36/39 MP: 3/3
  2128 | D:3      | You fall into a shaft and drop 2 floors!
  2128 | D:5      | Entered Level 5 of the Dungeon
  2499 | D:3      | Found a stormy altar of Qazlal.
  2602 | D:3      | Found a runed translucent door.
  2734 | D:3      | Found a shadowy altar of Dithmenos.
  2904 | D:4      | Noticed a black bear
  2958 | D:3      | Slain by a black bear

Illustrated notes

Levels and vault maps discovered:
D:1:      onia_arrival_zoo_common, layout_loops_ring,
          ebering_ecumenical_altar_sacrificial
D:2:      layout_basic, basic_altar
D:3:      minmay_general_purpose_star, layout_basic,
          nicolae_qazlal_general_emergency, lemuel_round_altar,
          uniq_crazy_yiuf_cottage
D:4:      lemuel_castle_with_subvaults [lemuel_castle_interior_carwin_3],
          layout_basic, bh_walls_and_bars
D:5:      layout_loops_corners, serial_aquarium, aquarium_bridge_straight
          [aquarium_subvault_bridge, aquarium_subvault_window,
          aquarium_subvault_bridge, aquarium_subvault_window],
          aquarium_window_1, aquarium_window_corner, aquarium_view_2b,
          aquarium_balcony_1a, aquarium_pool_corner, ebering_ghost_sewer_f,
          kennysheep_minor_cross

Skill      XL: |  1  2  3 |
---------------+----------+-----
Axes           | 4 5 6 |  6.9
Fighting       | |  3.6
Dodging        | |  3.2
Stealth        | |  1.5

Action                   |  1- 3 |  4- 6 || total
-------------------------+-------+-------++-------
Melee: Hand axe          |    92 |    64 ||   156
       Headbutt          |    20 |    11 ||    31
  Use: Scroll            |     3 |       ||     3
 Stab: Sleeping          |     1 |       ||     1
Armor: Robe              |     3 |       ||     3
       Ring mail         |     9 |       ||     9
       Chain mail        |    24 |    43 ||    67
Dodge: Dodged            |    46 |    32 ||    78
